 Dungeon Crawl Stone Soup version 0.31-a0-232-gb1c03b2570 (webtiles) character file.

Game seed: 14781871344470564072

23 qw the Shooter (level 2, -2/24 HPs)
             Began as a Minotaur Hexslinger on July 7, 2023.
             Slain by Terence
             ... wielding a +0 mace
              (9 damage)
             ... on level 1 of the Dungeon.
             The game lasted 00:00:12 (785 turns).

qw the Shooter (Minotaur Hexslinger)                 Turns: 785, Time: 00:00:13

Health: -2/24      AC:  3    Str: 12    XL:     2   Next: 72%
Magic:  2/2        EV: 12    Int: 10    God:
Gold:   25         SH:  0    Dex: 12    Spells: 2/3 levels left

rFire   . . .        Y - +1 sling
rCold   . . .        (no shield)
rNeg    . . .        c - +0 robe
rPois   .            (helmet restricted)
rElec   .            h - +0 cloak
rCorr   .            (no gloves)
SInv    .            (no boots)
Will    .....        (no amulet)
Stlth   +            (no ring)
HPRegen 0.24/turn    (no ring)
MPRegen 0.08/turn

%: no passive effects
@: no status effects
A: horns 2, retaliatory headbutt
a: no special abilities


You were on level 1 of the Dungeon.
You visited 1 branch of the dungeon, and saw 2 of its levels.

You collected 64 gold pieces.
You spent 39 gold pieces at shops.


Innate Abilities, Weirdness & Mutations

You have a pair of horns on your head.
You reflexively headbutt those who attack you in melee.


   Skills:
 - Level 2.0 Fighting
 + Level 3.3 Ranged Weapons
 - Level 2.1 Dodging
 - Level 1.0 Spellcasting
 - Level 2.0 Hexes


You had 2 spell levels left.
You knew the following spells:

 Your Spells              Type           Power      Damage    Failure   Level
a - Slow                  Hex            16%        N/A       16%         1

Your spell library contained the following spells:

 Spells                   Type           Power      Damage    Failure   Level
 Inner Flame              Hex/Fire       2%         N/A       56%         3
 Portal Projectile        Hex/Tloc       4%         N/A       56%         3
 Cause Fear               Hex            2%         N/A       83%         4

Inventory:

Hand Weapons
 Y - a +1 sling (weapon)
Armour
 c - a +0 robe (worn)
 h - a +0 cloak (worn)
Potions
 e - a potion of curing {unknown}
 f - a potion of attraction {unknown}
 g - a potion of cancellation {unknown}
 i - a potion of might {unknown}
 j - a potion of mutation {unknown}

Dungeon Overview and Level Annotations

Branches:
Dungeon (2/15)

Altars:

Shops:
D:1 **[

Annotations:
D:1 Terence


Message History

You shoot a sling bullet. The sling bullet hits Terence.
Terence is lightly wounded.
You shoot a sling bullet. The sling bullet hits Terence.
Terence is moderately wounded.
You shoot a sling bullet. The sling bullet barely misses Terence.
Terence zaps a wand.
The puff of flame misses you.
You shoot a sling bullet.
The sling bullet hits Terence but does no damage.
Terence is moderately wounded.
You shoot a sling bullet.
The sling bullet hits Terence but does no damage.
Terence is moderately wounded.
Terence says, "Don't bother to defend, it's senseless."
Terence barely misses you.
You shoot a sling bullet.
The sling bullet closely misses Terence.
Terence hits you with a +0 mace.
780 ||| STAIRDANCE Terence hits you with a +0 mace.
You climb upwards.
There is a stone staircase leading down here.
Enter note:
Enter note:
Enter note: You shoot a sling bullet.
The sling bullet hits Terence but does no damage.
Terence is moderately wounded.
Terence zaps a wand.
The puff of flame hits you!
You shoot a sling bullet.
The sling bullet hits Terence but does no damage.
Terence is moderately wounded.
Terence misses you. x2; You furiously retaliate!
You headbutt Terence. You shoot a sling bullet. The sling bullet hits Terence.
Terence is heavily wounded.
Terence closely misses you. You furiously retaliate!
You headbutt Terence. You shoot a sling bullet.
The sling bullet hits Terence but does no damage.
Terence is heavily wounded.
Terence hits you with a +0 mace!
You die...

........# ........####
...........#
...........#######
.................#
...........#####.#
...............#.#
.......\...###.#@#######
................@......#
##############.#.#####.#
#.#.# #.# #.#.# #.#
#.#.# #.# #.#.#####.#
#.#.......# #.#.#######
#.#.#


You could see Terence.

Vanquished Creatures
  A dart slug (D:1)
  5 ball pythons (D:1)
  3 bats (D:1)
  An endoplasm (D:1)
  2 goblins (D:1)
  A hobgoblin (D:1)
  2 quokkas (D:1)
  A frilled lizard (D:1)
  A kobold (D:1)
  2 rats (D:1)
19 creatures vanquished.

Notes
Turn   | Place    | Note
-------+----------+-------------------------------------------
     0 | D:1      | qw the Minotaur Hexslinger began the quest for the Orb.
     0 | D:1      | Reached XP level 1. HP: 16/16 MP: 1/1
     0 | D:1      | 0 ||| qw: Version: 0.3-a-46-gb1f654a
     0 | D:1      | 0 ||| qw: Game counter: 2259
     0 | D:1      | 0 ||| qw: Melee chars always use a shield: true
     0 | D:1      | 0 ||| qw: God list: Okawaru
     0 | D:1      | 0 ||| qw: Allow faded altars: false
     0 | D:1      | 0 ||| qw: Do Orc after clearing Dungeon:15 true
     0 | D:1      | 0 ||| qw: Do second Lair branch before Depths: true
     0 | D:1      | 0 ||| qw: Lair rune preference: random
     0 | D:1      | 0 ||| qw: Goals: Normal
     0 | D:1      | 0 ||| PLANNING D:1-11
   105 | D:1      | Found a faded altar of an unknown god.
   112 | D:1      | Reached skill level 3 in Ranged Weapons
   166 | D:1      | Found Capierr's Assorted Antiques.
   170 | D:1      | 170 ||| BUYING bubbling puce potion (23 gold).
   170 | D:1      | Bought a bubbling puce potion for 23 gold pieces
   170 | D:1      | 170 ||| SHOPLISTING ring mail (104 gold, have 10).
   170 | D:1      | 170 ||| SHOPLISTING runed ring mail (182 gold, have 10).
   170 | D:1      | 170 ||| SHOPLISTING scroll labelled JESATUNEONG (26 gold,
                  | have 10).
   170 | D:1      | 170 ||| SHOPLISTING scroll labelled XOUNKIPPIGEZ (26 gold,
                  | have 10).
   199 | D:1      | Reached XP level 2. HP: 23/23 MP: 2/2
   329 | D:1      | Found Rutigoxu's Assorted Antiques.
   342 | D:1      | 342 ||| SHOPLISTING 3 scrolls labelled FIUNGE PUAXOI (54
                  | gold, have 18).
   342 | D:1      | 342 ||| BUYING amethyst potion (16 gold).
   342 | D:1      | Bought an amethyst potion for 16 gold pieces
   342 | D:1      | 342 ||| SHOPLISTING emerald potion (16 gold, have 2).
   342 | D:1      | 342 ||| SHOPLISTING murky brown potion (16 gold, have 2).
   342 | D:1      | 342 ||| SHOPLISTING runed scarf (144 gold, have 2).
   342 | D:1      | 342 ||| SHOPLISTING scroll labelled COID ZUAXOPA (18 gold,
                  | have 2).
   601 | D:1      | Found Gohov's Antique Armour Shop.
   604 | D:1      | 604 ||| SHOPLISTING leather armour (56 gold, have 25).
   604 | D:1      | 604 ||| SHOPLISTING pair of gloves (126 gold, have 25).
   604 | D:1      | 604 ||| SHOPLISTING ring mail (112 gold, have 25).
   743 | D:1      | 743 ||| UPGRADING to +0 cloak.
   748 | D:1      | 748 ||| READING scroll labelled XOUNKIPPIGEZ.
   751 | D:1      | 751 ||| DROPPING scroll of poison.
   772 | D:2      | Noticed Terence
   780 | D:2      | 780 ||| STAIRDANCE
   782 | D:1      | HP: 6/24 [Terence/puff of flame (11)]
   785 | D:1      | Slain by Terence

Levels and vault maps discovered:
D:1:      enne_arrival_octagon_isle, layout_basic, serial_shops, shop, shop,
          shop, nicolae_ecumenical_snake_handling, grunt_decor_one_mirror
D:2:      layout_loops_ring, minmay_misc_feat_doors, uniq_terence

Skill      XL: |  1  2 |
---------------+-------+-----
Ranged Weapons | 3 |  3.3
Fighting       | 2 |  2.0
Dodging        | |  2.1
Spellcasting   | |  1.0
Hexes          | |  2.0

Action                     || total
---------------------------++-------
   Fire: Sling             ||    48
    Use: Scroll            ||     1
 Armour: Robe              ||     2
  Dodge: Dodged            ||    14

Table legend:
 A = Non-vault XP
 B = Vault XP
 C = Vault XP percentage of total XP
 D = Non-vault monster count
 E = Vault monster count
 F = Vault count percentage of total count
                 A         B        C        D         E       F
            +---------+---------+-------+---------+---------+-------
      Total |      28 |       5 |  15.2 |      16 |       3 |  15.8
            +---------+---------+-------+---------+---------+-------
        D:1 |      28 |       5 |  15.2 |      16 |       3 |  15.8
            +---------+---------+-------+---------+---------+-------
